 Dungeon Crawl Stone Soup version 0.27-a0-334-g52645efa06 (webtiles) character file.

Game seed: 11856292985903290381

14457 wullow the Scribe (level 11, -5/86 HPs)
             Began as a Demonspawn Venom Mage on Feb 13, 2021.
             Was a Priest of Sif Muna.
             Slain by a komodo dragon (28 damage)
             ... on level 11 of the Dungeon.
             The game lasted 01:13:21 (18177 turns).

wullow the Scribe (Demonspawn Venom Mage)          Turns: 18177, Time: 01:13:22

Health: -5/86      AC: 11    Str: 10    XL:     11   Next: 89%
Magic:  1/23       EV:  6    Int: 17    God:    Sif Muna [***...]
Gold:   604        SH:  0    Dex: 15    Spells: 10/26 levels left

rFire    + . .     SeeInvis .   o - +2 short sword
rCold    . . .     Faith    .   (no shield)
rNeg     . . .     Spirit   .   H - +0 leather armour {rF+}
rPois    .         Reflect  .   (helmet restricted)
rElec    .         Harm     .   r - +1 cloak
rCorr    .         Rampage  .   (no gloves)
Will     .....                  v - +1 pair of boots
Stlth    ++........             (no amulet)
HPRegen  0.24/turn              x - ring of flight
MPRegen  0.18/turn              (no ring)

@: about to teleport, held
A: horns 2, iridescent scales 2, spiny 1
a: Renounce Religion, Evoke Flight, Channel Magic, Forget Spell


You were on level 11 of the Dungeon.
You worshipped Sif Muna.
Sif Muna was most pleased with you.
You visited 2 branches of the dungeon, and saw 12 of its levels.
You also visited: Sewer.

You collected 604 gold pieces.

Inventory:

Hand Weapons
 d - a +0 dagger
 o - a +2 short sword (weapon)
 y - a +0 rapier of protection
 I - the +4 hand crossbow "Spiderbane" {vorpal, Int+5, unknown}
   (You found it on level 8 of the Dungeon)

   Any bolt fired from it inflicts extra damage.
   It affects your intelligence (+5).
 T - a +1 dagger of venom
Missiles
 b - 83 sling bullets
 e - 368 stones
 l - a throwing net
 J - 56 poisoned darts
 S - 10 curare-tipped darts
Armour
 a - a +0 robe
 q - a +0 kite shield
 r - a +1 cloak (worn)
 v - a +1 pair of boots (worn)
 C - a +0 crystal plate armour
 H - a +0 leather armour of fire resistance (worn)
Magical Staves
 f - a staff of cold {unknown}
 u - a staff of cold {unknown}
 w - a staff of death {unknown}
 z - a staff of poison {unknown}
 A - a staff of poison {unknown}
 N - a staff of earth {unknown}
Jewellery
 x - a ring of flight (left hand)
 D - a ring of fire
 L - an amulet of the acrobat {unknown}
 U - a ring of resist corrosion
Wands
 E - a wand of iceblast (14)
 G - a wand of flame (37)
 K - a wand of charming (10)
 O - a wand of digging (7)
 Q - a wand of random effects (25)
 R - a wand of paralysis (4)
Scrolls
 p - a scroll of identify
 s - 7 scrolls of magic mapping
Potions
 c - 3 potions of brilliance
 g - 3 potions of curing
 h - a potion of attraction {unknown}
 i - 3 potions of magic {unknown}
 j - 4 potions of flight
 k - a potion of berserk rage
 m - a potion of heal wounds
 n - a potion of degeneration {unknown}
 B - a potion of resistance {unknown}
 F - 2 potions of lignification {unknown}
 M - a potion of might {unknown}
Miscellaneous
 P - a phial of floods


   Skills:
 + Level 8.2 Fighting
 - Level 3.0 Short Blades
 - Level 2.0 Dodging
 - Level 2.0 Stealth
 + Level 8.4 Spellcasting
 - Level 5.0 Conjurations
 - Level 4.0 Translocations
 - Level 4.0 Transmutations
 - Level 3.0 Fire Magic
 - Level 4.0 Air Magic
 - Level 3.0 Earth Magic
 - Level 8.0 Poison Magic
 + Level 9.3 Invocations


You had 10 spell levels left.
You knew the following spells:

 Your Spells              Type           Power        Failure   Level
a - Sting                 Tmut/Pois      100%         1%          1
b - Poisonous Vapours     Pois/Air       54%          1%          2
c - Mephitic Cloud        Conj/Pois/Air  26%          4%          3
d - Ignite Poison         Fire/Tmut/Pois 24%          5%          3
e - Apportation           Tloc           40%          2%          1
f - Teleport Other        Tloc           20%          8%          3
g - Stone Arrow           Conj/Erth      40%          8%          3

Your spell library contained the following spells:

 Spells                   Type           Power        Failure   Level
 Sandblast                Erth           34%          4%          1
 Passwall                 Tmut/Erth      15%          4%          2
 Olgreb's Toxic Radiance  Pois           34%          4%          4
 Gell's Gravitas          Tloc           10%          8%          3
 Lesser Beckoning         Tloc           10%          8%          3
 Animate Skeleton         Necr           14%          14%         1
 Corona                   Hex            7%           14%         1
 Summon Small Mammal      Summ           28%          14%         1
 Petrify                  Tmut/Erth      19%          32%         4
 Lee's Rapid Deconstruct  Erth           8%           73%         5
 Malign Gateway           Summ/Tloc      6%           100%        7


Dungeon Overview and Level Annotations

Branches:
Dungeon (11/15)            Temple (1/1) D:5           Sewer (visited)
   Lair: D:8-11         Orc: D:9-12

Altars:
Ashenzari
Cheibriados
Dithmenos
Elyvilon
Fedhas
Gozag
Hepliaklqana
Kikubaaqudgha
Makhleb
Nemelex Xobeh
Okawaru
Qazlal
Ru
Sif Muna
Trog
Uskayaw
Vehumet
Wu Jian
Xom
Yredelemnul
Zin
The Shining One

Annotations:
D:3 exclusion: oklob plant
D:8 2 transporters, emiel's ghost, novice BaWn
D:10 2 transporters, Scuka's ghost, novice DrTm
D:11 Harold


Innate Abilities, Weirdness & Mutations

You have a pair of horns on your head.
You are mostly covered in iridescent scales. (AC +4)
You are partially covered in sharp spines.


Message History

A steam dragon comes into view.
The komodo dragon is engulfed in blazing flames.
Unknown command.
The komodo dragon is engulfed in blazing flames.
Casting: Ignite Poison (dangerous; 5% risk of failure)
Confirm with . or Enter, or press ? or * to list all spells.
Aiming: Mephitic Cloud (mildly dangerous; 4% risk of failure)
Press: ? - help, Shift-Dir - straight line, p - basilisk The ball explodes into a vile cloud!
The stinking cloud engulfs Harold but does no damage.
Harold is lightly wounded.
The stinking cloud engulfs the komodo dragon but does no damage.
The komodo dragon is severely wounded.
The stinking cloud engulfs the basilisk but does no damage.
The basilisk is severely wounded.
The basilisk is engulfed in noxious fumes.
The basilisk appears confused.
Harold is engulfed in blazing flames.
Harold throws a throwing net.
The throwing net hits you.
You become entangled in the net!
The komodo dragon is engulfed in noxious fumes.
The komodo dragon appears confused.
Casting: Mephitic Cloud (mildly dangerous; 4% risk of failure)
Confirm with . or Enter, or press ? or * to list all spells.
You ignite the poison in your surroundings!
The worker ant is engulfed in blazing flames.
The komodo dragon bites you!!
Harold is engulfed in blazing flames.
As you read the scroll of teleportation, it crumbles to dust.
You feel strangely unstable. The komodo dragon bites you!!
* * * LOW HITPOINT WARNING * * *
The komodo dragon bites the worker ant!
The worker ant is killed!
Sif Muna accepts your kill. Harold is struck by your spines.
Harold hits you with a +1 short sword of flaming!!
* * * LOW HITPOINT WARNING * * *
Harold burns you.
* * * LOW HITPOINT WARNING * * *
Unknown command.
You feel much better. The komodo dragon bites you!!
You die...

........###..........#
#######
.######..##......)...#
## ##......<..#...#
#####.....#####
#.......# #.......#
############
#.#####.####
##........@@##.#?# ##
##....###..l°°l..#
.#####..####
#.#.l†○D.... ###...###
##.####..... ...####
### ##.. ###.# . # ###


You could see Harold, 2 komodo dragons, a basilisk (confused) and a steam
dragon.

Vanquished Creatures
  A yaktaur captain (D:8)
  A hydra (D:11)
  A boulder beetle (D:11)
  2 two-headed ogres
  Sonja (D:11)
  An unseen horror (D:11)
  The ghost of bmj180 the Conjurer, a novice DrCj of Vehumet (D:6)
  2 gargoyles (D:10)
  A troll (D:10)
  3 vampires (D:11)
  2 wyverns (D:9)
  A shadow (D:11)
  3 wraiths
  8 yaks (D:10)
  Eustachio (D:5)
  A steam dragon (D:11)
  Edmund (D:4)
  2 ice beasts (D:6)
  2 orc warriors
  2 sky beasts
  A black bear (D:9)
  An eye of draining (D:10)
  10 ogres
  10 centaurs
  3 phantoms
  11 bullfrogs
  2 kobold brigands
  4 scorpions
  7 wights
  4 howler monkeys
  A bullfrog zombie (D:7)
  A centaur zombie (D:11)
  4 hounds
  7 jellies
  Crazy Yiuf (D:2)
  4 centaur skeletons
  4 orc priests
  3 bullfrog skeletons
  Jessica (D:2)
  8 orc wizards
  5 iguanas
  9 worker ants
  A hound zombie (D:9)
  A howler monkey zombie (D:11)
  15 adders
  A howler monkey skeleton (D:9)
  4 shadow imps
  3 white imps
  2 ufetubi
  2 adder skeletons (D:4)
  2 adder zombies
  2 worms (D:2)
  A dart slug (D:2)
  8 leopard geckos
  18 orcs
  10 giant cockroaches
  7 goblins
  10 hobgoblins
  3 jackals
  19 kobolds
  12 quokkas
  3 ball pythons
  7 bats
  3 frilled lizards
  A jackal skeleton (D:5)
  A jackal zombie (D:7)
  2 leopard gecko skeletons
  A leopard gecko zombie (D:3)
  A quokka skeleton (D:7)
  8 rats
286 creatures vanquished.

Vanquished Creatures (others)
  A kobold brigand (D:11)
1 creature vanquished.

Grand Total: 287 creatures vanquished

Notes
Turn   | Place    | Note
-------+----------+-------------------------------------------
     0 | D:1      | wullow the Demonspawn Venom Mage began the quest for the
                  | Orb.
     0 | D:1      | Reached XP level 1. HP: 13/13 MP: 3/3
   159 | D:1      | Reached skill level 1 in Transmutations
   499 | D:1      | Gained mutation: You are partially covered in iridescent
                  | scales. (AC +2) [demonic ancestry]
   499 | D:1      | Reached XP level 2. HP: 18/19 MP: 0/5
   502 | D:1      | Learned a level 2 spell: Poisonous Vapours
  1066 | D:2      | Gained mutation: You have a pair of small horns on your
                  | head. [demonic ancestry]
  1066 | D:2      | Reached XP level 3. HP: 12/24 MP: 0/6
  1320 | D:2      | Learned a level 3 spell: Mephitic Cloud
  1510 | D:2      | Reached skill level 1 in Air Magic
  1976 | D:2      | Noticed Jessica
  1979 | D:2      | Killed Jessica
  1980 | D:2      | Reached skill level 1 in Conjurations
  1980 | D:2      | Reached XP level 4. HP: 30/30 MP: 1/7
  2472 | D:2      | Found a runed translucent door.
  2473 | D:2      | Noticed Crazy Yiuf
  2696 | D:2      | Killed Crazy Yiuf
  2697 | D:2      | Reached XP level 5. HP: 7/35 MP: 3/9
  3118 | D:3      | Found a glowing drain.
  3185 | Sewer    | Entered a sewer
  3247 | Sewer    | Learned a level 3 spell: Ignite Poison
  3360 | Sewer    | Reached skill level 1 in Fire Magic
  3544 | Sewer    | Found a white marble altar of Elyvilon.
  3666 | D:3      | Found a blossoming altar of Fedhas.
  3687 | D:3      | Noticed an oklob plant
  4217 | D:3      | Noticed an ogre
  4255 | D:3      | Killed an ogre
  4256 | D:3      | Gained mutation: You are mostly covered in iridescent
                  | scales. (AC +4) [demonic ancestry]
  4256 | D:3      | Reached XP level 6. HP: 21/41 MP: 5/10
  4906 | D:3      | Found a bloodstained altar of Trog.
  5095 | D:4      | Noticed Edmund
  5112 | D:4      | Killed Edmund
  5119 | D:3      | Reached skill level 1 in Fighting
  5119 | D:3      | Reached XP level 7. HP: 33/48 MP: 0/12
  6101 | D:5      | Entered Level 5 of the Dungeon
  6129 | D:5      | Noticed Eustachio
  6143 | D:5      | Killed Eustachio
  6277 | D:5      | Reached skill level 5 in Poison Magic
  6277 | D:5      | Gained mutation: You are partially covered in sharp spines.
                  | [demonic ancestry]
  6277 | D:5      | Reached XP level 8. HP: 57/57 MP: 3/14
  6491 | D:5      | Found a staircase to the Ecumenical Temple.
  6500 | Temple   | Entered the Ecumenical Temple
  6554 | Temple   | Became a worshipper of Sif Muna the Loreminder
  6820 | D:5      | Found a shimmering altar of Xom.
  7282 | D:6      | Reached skill level 5 in Spellcasting
  7435 | D:6      | Reached skill level 1 in Invocations
  7702 | D:6      | Reached skill level 2 in Invocations
  7794 | D:6      | Found a runed translucent gate.
  7794 | D:6      | Found a runed translucent gate.
  7796 | D:6      | Found a runed translucent gate.
  8004 | D:6      | Reached skill level 3 in Invocations
  8004 | D:6      | Gained mutation: You have a pair of horns on your head.
                  | [demonic ancestry]
  8004 | D:6      | Reached XP level 9. HP: 61/66 MP: 17/17
  8060 | D:6      | Reached * piety under Sif Muna
  8493 | D:6      | Noticed bmj180's ghost (novice DrCj)
  8748 | D:6      | Reached skill level 4 in Invocations
  8965 | D:6      | Reached skill level 5 in Fighting
  9578 | D:7      | Reached skill level 5 in Invocations
  9935 | D:7      | Found a shimmering altar of Xom.
 10464 | D:8      | Reached skill level 1 in Short Blades
 10572 | D:8      | Found Afairor's General Store.
 10574 | D:8      | Got an encrusted hand crossbow
 10819 | D:8      | Found a transporter.
 10843 | D:8      | Found a transporter.
 10849 | D:8      | Found a bloodstained altar of Trog.
 10859 | D:8      | Noticed emiel's ghost (novice BaWn)
 10960 | D:8      | Noticed a moth of wrath
 11008 | D:8      | Reached ** piety under Sif Muna
 11225 | D:8      | Noticed a yaktaur captain
 11259 | D:8      | Killed a yaktaur captain
 11260 | D:8      | Reached skill level 6 in Invocations
 11260 | D:8      | Reached XP level 10. HP: 41/76 MP: 13/20
 11473 | D:9      | Noticed a two-headed ogre
 11505 | D:8      | Killed a two-headed ogre
 12371 | D:9      | Identified a scroll of acquirement
 12371 | D:9      | Acquired wullow's Collected Works on Clay and Translocation
 12375 | D:9      | Learned a level 1 spell: Apportation
 12772 | D:9      | Reached skill level 5 in Conjurations
 12772 | D:9      | Reached skill level 1 in Translocations
 13304 | D:10     | Entered Level 10 of the Dungeon
 13408 | D:10     | Found a transporter.
 13430 | D:10     | Noticed Scuka's ghost (novice DrTm)
 13503 | D:10     | Learned a level 3 spell: Teleport Other
 13608 | D:10     | Found a transporter.
 13625 | D:10     | Reached skill level 7 in Invocations
 13811 | D:10     | Noticed a two-headed ogre
 13833 | D:10     | Killed a two-headed ogre
 13886 | D:10     | Found a hide-covered altar of Uskayaw.
 13892 | D:10     | Noticed a gargoyle
 14053 | D:10     | Reached XP level 11. HP: 82/83 MP: 17/21
 14175 | D:10     | Reached *** piety under Sif Muna
 15663 | D:6      | Killed bmj180's ghost
 16054 | D:11     | Noticed Sonja
 16058 | D:11     | Reached skill level 8 in Invocations
 16063 | D:11     | Killed Sonja
 16391 | D:11     | Killed an unseen horror
 16451 | D:11     | Learned a level 3 spell: Stone Arrow
 16642 | D:11     | Noticed a five-headed hydra
 16731 | D:11     | Noticed a boulder beetle
 17011 | D:11     | Reached skill level 1 in Earth Magic
 17225 | D:11     | Killed a boulder beetle
 17226 | D:11     | Reached skill level 9 in Invocations
 17383 | D:11     | Killed a five-headed hydra
 18165 | D:11     | Noticed Harold
 18176 | D:11     | HP: 3/86 [Harold/+1 short sword of flaming (18)]
 18177 | D:11     | Slain by a komodo dragon

Illustrated notes

Levels and vault maps discovered:
D:1:      nagdon_arrival_double_spiral, layout_basic
D:2:      layout_loops_corners, uniq_crazy_yiuf_cottage, uniq_jessica
D:3:      layout_loops_corners, tgw_fedhas, gup_sewer_entry_glass, trog_book
D:4:      layout_rooms, uniq_edmund
D:5:      layout_rooms, minmay_temple_entry_large_hall, dk_xom_monty_hall,
          uniq_eustachio
D:6:      layout_loops_ring, gammafunk_ghost_split
D:7:      layout_loops_cross, kennysheep_mini
D:8:      layout_loops_ring, gammafunk_ghost_wrathful_warriors, serial_shops,
          nicolae_shop_waterfront, grunt_ministairs_9, kennysheep_just_a_vault
D:9:      layout_irregular_city
D:10:     layout_loops_ring, nzn_ghost_randoct, basic_altar
D:11:     layout_rooms, erik_lair_dragon, hex_tiny, kennysheep_generic_room_14,
          uniq_sonja, uniq_harold
Temple:   regret_index_temple_chain_breaker

Skill      XL: |  1  2  3  4  5  6  7  8  9 10 11 |
---------------+----------------------------------+-----
Transmutations | 1 2 3 4 |  4.0
Air Magic      | 1 2 3 4 |  4.0
Conjurations   | 1 2 3 4 5 |  5.0
Spellcasting   | 3 4 5 6 7 8 |  8.4
Fire Magic     | 1 2 3 |  3.0
Poison Magic   | 4 5 6 7 8 |  8.0
Fighting       | 1 2 4 5 6 8 |  8.2
Dodging        | 2 |  2.0
Stealth        | 2 |  2.0
Invocations    | 3 6 7 9 |  9.3
Short Blades   | 2 3 |  3.0
Translocations | 2 4 |  4.0
Earth Magic    | 3 |  3.0

Action                   |  1- 3 |  4- 6 |  7- 9 | 10-12 || total
-------------------------+-------+-------+-------+-------++-------
Melee: Unarmed           |     6 |       |       |       ||     6
       Short sword       |    11 |    47 |    99 |   126 ||   283
       Headbutt          |       |     7 |    16 |    31 ||    54
 Cast: Sting             |    60 |    63 |   170 |    99 ||   392
       Poisonous Vapours |     8 |    24 |    91 |    73 ||   196
       Mephitic Cloud    |       |       |     9 |    42 ||    51
       Ignite Poison     |       |       |     8 |    35 ||    43
  Use: Scroll            |       |     4 |     9 |     5 ||    18
       Potion            |       |       |     1 |     1 ||     2
 Stab: Sleeping          |       |       |     2 |     1 ||     3
Armor: Robe              |     9 |    21 |    39 |       ||    69
       Leather armour    |       |       |    29 |    64 ||    93
Dodge: Dodged            |    26 |    45 |   111 |   106 ||   288

Table legend: (Time is in decaauts)
 A = Elapsed time spent in this place.
 B = Non-inter-level travel time spent in this place.
 C = Inter-level travel time spent in this place.
 D = Time resting spent in this place.
 E = Time spent auto-exploring this place.
 F = Levels seen in this place.
 G = Mean time per level.
                   A        B        C        D        E       F      G
               +--------+--------+--------+--------+--------+-----+--------+
         Total |  18234 |  17317 |    917 |   5991 |   8925 |  13 | 1402.6 |
       Dungeon |  17603 |  16702 |    901 |   5816 |   8548 |  11 | 1600.3 |
        Temple |    194 |    178 |     16 |      0 |    174 |   1 |  194.0 |
         Sewer |    435 |    435 |      0 |    175 |    202 |   1 |  435.0 |
               +--------+--------+--------+--------+--------+-----+--------+

Top non-repeatable levels by time:
    D:10: 2516 daAuts
     D:6: 2015 daAuts
     D:2: 2005 daAuts
     D:3: 1782 daAuts
    D:11: 1767 daAuts
     D:9: 1727 daAuts
     D:8: 1551 daAuts
     D:7: 1364 daAuts
     D:1: 1041 daAuts
     D:5: 963 daAuts
     D:4: 868 daAuts
   Sewer: 435 daAuts
  Temple: 194 daAuts
